 Dungeon Crawl Stone Soup version 0.23.1 (webtiles) character file.

Game seed: 0

81568 Fang the Fighter (level 15, -1/101 HPs)
             Began as a Gargoyle Berserker on Mar 8, 2019.
             Was the Champion of Trog.
             Slain by an iron dragon zombie (2 damage)
             ... on level 15 of the Dungeon.
             The game lasted 00:35:14 (21352 turns).

Fang the Fighter (Gargoyle Berserker)              Turns: 21352, Time: 00:35:14

Health: -1/101     AC: 34    Str: 32    XL:     15   Next: 70%
Magic:  0/15       EV: 16    Int:  7    God:    Trog [******]
Gold:   1402       SH:  0    Dex: 13    Spells: 14/14 levels left

rFire    x . .     SeeInvis +   D - +3 war axe (drain)
rCold    . . .     Gourm    .   (no shield)
rNeg     + + .     Faith    .   r - +2 chain mail of Precision Catastrophes {rF- Str+2 Dex+4}
rPois    ∞         Spirit   +   M - +1 helmet {SInv}
rElec    +         Reflect  .   H - scarf {repulsion}
rCorr    .         Harm     .   (no gloves)
MR       +....                  j - +1 pair of boots of Yzoamomy {+Blink rN+ Str+2}
Stlth    ..........             f - amulet of guardian spirit
HPRegen  0.26/turn              h - +3 ring of protection
MPRegen  0.14/turn              (no ring)

@: berserk cooldown, flying, slowed, repel missiles, very slow
A: big wings, negative energy resistance 1, electricity resistance, unbreathing,
petrification resistance, rot immunity, AC +11
a: Stop Flying, Berserk, Trog's Hand, Brothers in Arms, Renounce Religion, Evoke
Blink


You were on level 15 of the Dungeon.
You worshipped Trog.
Trog was exalted by your worship.
You were hungry.

You visited 3 branches of the dungeon, and saw 22 of its levels.

You collected 1570 gold pieces.
You spent 168 gold pieces at shops.

Inventory:

Hand Weapons
 n - a +2 hand axe of electrocution
 s - a +2 war axe of draining
 B - a +0 antimagic battleaxe
 D - a +3 war axe of draining (weapon)
 J - a +2 war axe of flaming
 L - a +2 broad axe of venom
Armour
 j - the +1 pair of boots of Yzoamomy (worn) {+Blink rN+ Str+2}
   (You found it on level 10 of the Dungeon)

   It affects your strength (+2).
   It protects you from negative energy.
   It lets you blink.
 r - the +2 chain mail of Precision Catastrophes (worn) {rF- Str+2 Dex+4}
   (You found it on level 11 of the Dungeon)

   It affects your strength (+2).
   It affects your dexterity (+4).
   It makes you vulnerable to fire.
 E - a +3 plate armour
 H - a scarf of repulsion (worn)
 M - a +1 helmet of see invisible (worn)
Jewellery
 f - an amulet of guardian spirit (around neck)
 h - a +3 ring of protection (left hand)
 v - a cursed amulet of inaccuracy {unknown}
 y - an uncursed ring of magical power
 A - an uncursed ring of resist corrosion
Wands
 b - a wand of paralysis (18)
 o - a wand of iceblast (9)
 q - a wand of random effects (70)
 u - a wand of clouds (6)
 C - a wand of disintegration (18)
 K - a wand of enslavement (7)
Scrolls
 e - 6 scrolls of remove curse
 i - 3 scrolls of teleportation
 k - 2 scrolls of magic mapping
 w - 3 scrolls of fog
 G - a scroll of blinking
 I - a scroll of identify
Potions
 a - 4 potions of curing
 d - 3 potions of might
 g - 3 potions of agility
 l - a potion of berserk rage
 m - 2 potions of resistance
 p - 2 potions of magic
 x - 2 potions of haste
 z - a potion of mutation
 F - a potion of cancellation
 N - a potion of ambrosia
Comestibles
 c - 31 rations
 t - 6 chunks of flesh


   Skills:
 + Level 14.9 Fighting
 + Level 12.8 Axes
 + Level 14.8 Armour
 + Level 11.7 Dodging


You had 14 spell levels left.
You didn't know any spells.
Your spell library was empty.

Dungeon Overview and Level Annotations

Branches:
Dungeon (15/15)            Temple (1/1) D:6            Lair (6/6) D:9
 Shoals (0/4) Lair:4       Spider (0/4) Lair:3        Slime (0/5) Lair:6
    Orc (0/2) D:12         Vaults (0/5) D:13         Depths (0/5) D:15

Altars:
Dithmenos
Elyvilon
Nemelex Xobeh
Okawaru
Xom
Yredelemnul
The Shining One
Jiyva

Shops:
D:5 :?=   D:15 ?

Annotations:
D:6 1 runed translucent door, CabbageHands's ghost, novice MfIE
D:11 1 runed translucent door, Prakerore's ghost, novice MiFi
Lair:5 exclusion: oklob plant


Innate Abilities, Weirdness & Mutations

You are resistant to torment.
Your stone body is resilient. (AC +11)
You are immune to poison.
Your large and strong wings let you fly indefinitely.
You resist negative energy. (rN+)
You are resistant to electric shocks. (rElec)
You can survive without breathing.
You are immune to petrification.
You are immune to rotting.


Message History

You slash the skeletal warrior! The iron dragon zombie bites you!
* * * LOW HITPOINT WARNING * * *
The iron dragon zombie claws you but does no damage.
The iron dragon zombie tramples you but does no damage.
The skeletal warrior hits you with a +0 trident!
* * * LOW HITPOINT WARNING * * *
The tengu reaver zombie hits you.
The tengu reaver zombie pecks you but does no damage.
The tengu reaver zombie claws you but does no damage.
You slash the iron dragon zombie!
The iron dragon zombie is heavily damaged.
You hit the deep troll earth mage zombie but do no damage.
You hit the tengu reaver zombie. You hit the skeletal warrior.
The deep troll earth mage zombie bites you but does no damage.
The deep troll earth mage zombie claws you but does no damage.
The deep troll earth mage zombie claws you.
* * * LOW HITPOINT WARNING * * *
The skeletal warrior completely misses you.
The iron dragon zombie bites you.
You die...

........##.... ..
.................... ...
..............#....
#..###..................
..........###..##.##..#[
..........###..##.((...#
..............# ##.....#
PP....zZ..#.#.# ##.....
.8....Z@......#####.....
.8....Z[8###.###÷.......
P.>P.......#.....##.....
...............####.##..
..........#..#.# #.# ..
P..8.....$..##.# #.. #.
.....P.P8#.###.. #.. .
.8......##.# .... .... .
8......###.# ........# #


You could see a skeletal warrior, an iron dragon zombie, a deep troll earth mage
zombie and a tengu reaver zombie.

Vanquished Creatures
  Rupert (Lair:6)
  Gastronok (D:9)
  An ironheart preserver (D:13)
  Azrael (D:13)
  Snorg (D:13)
  Josephine (D:13)
  Erolcha (D:9)
  15 hydras
  A death knight (D:12)
  2 centaur warriors
  2 alligators (Lair:5)
  The ghost of suduhmizer the Destroyer, a journeyman TeCj of Vehumet (D:10)
  A vampire mage (D:15)
  2 two-headed ogres
  A fire crab (Lair:6)
  A skeletal warrior (D:15)
  3 unseen horrors
  Pikel (D:8)
  A necromancer (D:15)
  2 ugly things (D:13)
  3 cyclopes
  A wolf spider (Lair:3)
  A frost giant zombie (D:15)
  2 manticores
  A deep elf mage (D:12)
  4 elephants (Lair:3)
  Joseph (D:9)
  2 centaur zombies
  5 black mambas
  3 gargoyles
  8 spiny frogs
  3 rime drakes
  3 komodo dragons
  A kobold demonologist (D:14)
  An efreet (D:14)
  2 ice devils (Lair:4)
  8 polar bears
  A queen bee (D:9)
  4 trolls
  6 hornets
  Prince Ribbit (Lair:1)
  7 blink frogs
  15 hippogriffs
  5 slime creatures
  Sigmund (D:3)
  2 shadows
  13 spriggans
  6 wraiths
  55 yaks
  5 wyverns
  A tarantella (shapeshifter) (D:15)
  5 basilisks
  3 fire elementals (D:13)
  6 vampire mosquitoes
  2 hungry ghosts
  3 acid dragons
  4 swamp worms (Lair:5)
  13 water moccasins
  3 hell hounds (D:13)
  8 porcupines
  A swamp drake (Lair:5)
  Duvessa (D:6)
  11 orc warriors
  4 black bears
  4 ice beasts
  2 sky beasts
  5 phantoms
  4 slaves (D:8)
  5 boggarts (Lair:6)
  A necrophage (D:9)
  4 ogres
  24 wolves
  17 centaurs
  12 crocodiles
  2 big kobolds
  13 bullfrogs
  An elf skeleton (D:9)
  A gnoll sergeant (D:10)
  A troll zombie (D:9)
  5 scorpions
  Dowan (D:6)
  2 wyvern skeletons (D:14)
  25 killer bees
  7 wights
  2 howler monkeys
  7 crimson imps
  3 quasits
  8 jellies
  4 centaur skeletons
  6 hounds
  11 orc wizards
  3 bullfrog skeletons
  12 orc priests
  3 human zombies (D:9)
  A human skeleton (D:9)
  5 iguanas
  10 worker ants
  4 hell rats (Lair:6)
  2 killer bee zombies (D:9)
  An ogre zombie (D:9)
  3 hound zombies
  A mummy (D:9)
  Robin (D:2)
  10 gnolls
  A howler monkey skeleton (D:10)
  13 adders
  2 shadow imps
  An ooze (D:5)
  3 worms
  2 dart slugs
  2 leopard geckos
  63 orcs
  5 giant cockroaches
  12 goblins
  9 hobgoblins
  26 jackals
  16 kobolds
  6 quokkas
  2 ball pythons
  3 bats
  7 frilled lizards
  A jackal zombie (D:4)
  2 leopard gecko skeletons
  A leopard gecko zombie (D:5)
  An orc skeleton (D:9)
  An orc zombie (D:9)
  A quokka skeleton (D:5)
  6 rats
  4 fungi
  4 plants (Lair:5)
702 creatures vanquished.

Vanquished Creatures (collateral kills)
  A hydra (D:10)
  A hippogriff (Lair:6)
  A basilisk (Lair:6)
3 creatures vanquished.

Vanquished Creatures (others)
  An unseen horror (D:12)
  A fungus (Lair:6)
  8 plants
  2 withered plants (D:15)
12 creatures vanquished.

Grand Total: 717 creatures vanquished

Notes
Turn   | Place    | Note
-------+----------+-------------------------------------------
     0 | D:1      | Fang the Gargoyle Berserker began the quest for the Orb.
     0 | D:1      | Reached XP level 1. HP: 14/14 MP: 1/1
   135 | D:1      | Reached XP level 2. HP: 10/19 MP: 2/2
   540 | D:1      | Reached XP level 3. HP: 21/24 MP: 3/3
   846 | D:2      | Noticed Robin
   864 | D:2      | Killed Robin
   864 | D:2      | Reached ** piety under Trog
  1142 | D:2      | Reached XP level 4. HP: 28/29 MP: 4/4
  1665 | D:3      | Noticed Sigmund
  1677 | D:3      | Killed Sigmund
  1677 | D:3      | Reached XP level 5. HP: 34/34 MP: 2/5
  1677 | D:3      | Reached XP level 6. HP: 39/39 MP: 2/6
  2300 | D:4      | Noticed a hungry ghost
  2322 | D:4      | Killed a hungry ghost
  2322 | D:4      | Reached skill level 5 in Fighting
  2471 | D:4      | Reached *** piety under Trog
  2471 | D:4      | Reached XP level 7. HP: 36/44 MP: 7/7
  2738 | D:5      | Entered Level 5 of the Dungeon
  2865 | D:5      | Found Tolats's Jewellery Boutique.
  2867 | D:5      | Found Eguu's Magic Scroll Boutique.
  2954 | D:5      | Bought a cursed ring of see invisible for 168 gold pieces
  3179 | D:5      | Reached skill level 5 in Armour
  3296 | D:5      | Reached XP level 8. HP: 41/51 MP: 6/8
  3447 | D:5      | Reached skill level 5 in Axes
  3448 | D:5      | Found Qulussiq's Book Emporium.
  3940 | D:6      | Noticed Dowan
  3951 | D:6      | Found a glowing golden altar of the Shining One.
  3951 | D:6      | Noticed Duvessa
  3969 | D:6      | Killed Dowan
  3969 | D:6      | Reached **** piety under Trog
  3973 | D:6      | Killed Duvessa
  4101 | D:6      | Found a staircase to the Ecumenical Temple.
  4115 | Temple   | Entered the Ecumenical Temple
  4267 | D:6      | Found a runed translucent door.
  4270 | D:6      | Noticed CabbageHands's ghost (novice MfIE)
  4301 | D:6      | Found a white marble altar of Elyvilon.
  4587 | D:6      | Found an iron altar of Okawaru.
  4917 | D:7      | Reached XP level 9. HP: 56/56 MP: 9/9
  5024 | D:7      | Found a sparkling altar of Nemelex Xobeh.
  5249 | D:7      | Found a shadowy altar of Dithmenos.
  5263 | D:7      | Reached skill level 5 in Dodging
  5365 | D:7      | Found a white marble altar of Elyvilon.
  5551 | D:8      | Noticed a two-headed ogre
  5557 | D:8      | Killed a two-headed ogre
  5654 | D:8      | Received a gift from Trog
  5771 | D:8      | Reached XP level 10. HP: 53/64 MP: 8/10
  6473 | D:8      | Noticed Pikel
  6490 | D:8      | Killed Pikel
  6686 | D:9      | Noticed Joseph
  6703 | D:9      | Killed Joseph
  6811 | D:9      | Noticed Erolcha
  6815 | D:9      | Found a glowing golden altar of the Shining One.
  6815 | D:9      | Noticed Gastronok
  6823 | D:9      | Killed Erolcha
  6839 | D:9      | Killed Gastronok
  6839 | D:9      | Reached ***** piety under Trog
  6839 | D:9      | Reached XP level 11. HP: 50/72 MP: 8/11
  6914 | D:9      | Found a staircase to the Lair.
  6920 | D:9      | Found a basalt altar of Yredelemnul.
  6931 | D:9      | Reached skill level 10 in Fighting
  7325 | D:10     | Entered Level 10 of the Dungeon
  7499 | D:10     | Found a runed translucent door.
  7504 | D:10     | Noticed a manticore
  7505 | D:10     | Noticed suduhmizer's ghost (journeyman TeCj)
  7564 | D:10     | Noticed a four-headed hydra
  7567 | D:10     | Received a gift from Trog
  7572 | D:10     | Killed a five-headed hydra
  7572 | D:10     | Reached skill level 10 in Armour
  7712 | D:10     | Killed suduhmizer's ghost
  7716 | D:10     | Killed a manticore
  7736 | D:10     | Got a pair of distressingly furry boots
  7742 | D:10     | Identified the +1 pair of boots of Yzoamomy {+Blink rN+
                  | Str+2} (You found it on level 10 of the Dungeon)
  8108 | D:10     | Found a viscous altar of Jiyva.
  8389 | Lair:1   | Entered Level 1 of the Lair of Beasts
  8432 | Lair:1   | Noticed a four-headed hydra
  8458 | Lair:1   | Killed a 19-headed hydra
  8722 | Lair:1   | Reached XP level 12. HP: 63/79 MP: 12/12
  8794 | Lair:1   | Noticed Prince Ribbit
  9084 | Lair:1   | Noticed a five-headed hydra
  9097 | Lair:1   | Killed a 14-headed hydra
  9242 | Lair:1   | Killed Prince Ribbit
 10554 | Lair:3   | Received a gift from Trog
 10558 | Lair:3   | Reached skill level 10 in Axes
 10562 | Lair:3   | Noticed a four-headed hydra
 10587 | Lair:3   | Killed a 15-headed hydra
 10888 | Lair:3   | Found a hole to the Spider Nest.
 10893 | Lair:3   | Reached XP level 13. HP: 69/86 MP: 13/13
 11559 | Lair:4   | Found a staircase to the Shoals.
 11642 | Lair:4   | You fall through a shaft for 2 floors!
 11642 | Lair:6   | Entered Level 6 of the Lair of Beasts
 12874 | Lair:5   | Reached skill level 10 in Dodging
 14219 | Lair:4   | Found a white marble altar of Elyvilon.
 14370 | Lair:4   | Gained mutation: Your large and strong wings let you fly
                  | indefinitely. [Gargoyle growth]
 14370 | Lair:4   | Reached XP level 14. HP: 84/94 MP: 11/14
 14788 | Lair:4   | Received a gift from Trog
 15462 | Lair:6   | Noticed Rupert
 15467 | Lair:6   | Paralysed by Rupert for 2 turns
 15489 | Lair:6   | Killed Rupert
 15812 | Lair:6   | Found a viscous altar of Jiyva.
 15813 | Lair:6   | Found a staircase to the Slime Pits.
 16461 | Lair:6   | Identified the Almanac of Weirdness
 16952 | Lair:6   | Received a gift from Trog
 18063 | D:11     | Found a runed translucent door.
 18088 | D:11     | Found a shimmering altar of Xom.
 18088 | D:11     | Noticed Prakerore's ghost (novice MiFi)
 18583 | D:12     | Reached XP level 15. HP: 87/100 MP: 12/15
 18588 | D:12     | Found a staircase to the Orcish Mines.
 18595 | D:12     | Received a gift from Trog
 18794 | D:11     | Got a warped chain mail
 18805 | D:11     | Identified the +2 chain mail of Precision Catastrophes {rF-
                  | Str+2 Dex+4} (You found it on level 11 of the Dungeon)
 18855 | D:12     | Identified a scroll of acquirement
 19118 | D:13     | Noticed Snorg
 19128 | D:13     | Killed Snorg
 19521 | D:13     | Noticed Josephine
 19537 | D:13     | Killed Josephine
 19639 | D:13     | Found a gate to the Vaults.
 19657 | D:13     | Received a gift from Trog
 19668 | D:13     | Reached ****** piety under Trog
 19870 | D:13     | Noticed Azrael
 19900 | D:13     | Killed Azrael
 21200 | D:15     | Entered Level 15 of the Dungeon
 21222 | D:15     | Found Sugg's Magic Scroll Shop.
 21309 | D:15     | Found a staircase to the Depths.
 21351 | D:15     | HP: 1/101 [skeletal warrior/+0 trident (11)]
 21352 | D:15     | Slain by an iron dragon zombie

Skill      XL: |  1  2  3  4  5  6  7  8  9 10 11 12 13 14 |
---------------+-------------------------------------------+-----
Axes           | 3 4 5 6 8 9 10 11 12 | 12.8
Dodging        | 2 3 4 5 7 8 9 10 11 | 11.7
Armour         | 3 4 5 6 7 9 10 11 12 14 | 14.8
Fighting       | 4 5 6 8 9 10 12 13 14 | 14.9

Action                   |  1- 3 |  4- 6 |  7- 9 | 10-12 | 13-15 || total
-------------------------+-------+-------+-------+-------+-------++-------
Melee: Hand axe          |   101 |   171 |   565 |   296 |       ||  1133
       War axe           |       |       |       |   367 |  1324 ||  1691
Invok: Berserk           |     1 |     1 |     5 |     7 |    16 ||    30
       Trog's Hand       |       |       |     1 |       |       ||     1
       Brothers in Arms  |       |       |       |     3 |     1 ||     4
 Abil: Fly               |       |       |       |       |     1 ||     1
  Use: Scroll            |       |       |    14 |    11 |    18 ||    43
       Potion            |       |       |       |     2 |     1 ||     3
 Stab: Invisible         |       |       |       |     1 |       ||     1
  Eat: Chunk             |     2 |     8 |    17 |    22 |    44 ||    93
       Ration            |       |       |       |     1 |     2 ||     3
Armor: Animal skin       |    41 |    30 |       |       |       ||    71
       Chain mail        |       |    49 |   406 |   189 |   285 ||   929
       Plate armour      |       |       |       |   570 |  1634 ||  2204
Dodge: Dodged            |   102 |   106 |   331 |   555 |  1743 ||  2837
       Deflected         |       |       |       |       |    12 ||    12
